 Dungeon Crawl Stone Soup version 0.29.1-1-gd02db6906a (webtiles) character file.

Game seed: 7435243656486700515

28 LustLizard the Trooper (level 3, 29/29 HPs)
             Began as a Demonspawn Fighter on Oct 5, 2022.
             Quit the game on level 1 of the Dungeon.
             The game lasted 00:01:06 (518 turns).

LustLizard the Trooper (Demonspawn Fighter)          Turns: 518, Time: 00:01:06

Health: 29/29      AC:  8    Str: 16    XL:     3   Next: 0%
Magic:  3/3        EV:  6    Int:  9    God:
Gold:   68         SH:  4    Dex: 14    Spells: 2/2 levels left

rFire   . . .      SeeInvis .   a - +0 long sword
rCold   . . .      Faith    .   c - +0 buckler
rNeg    . . .      Spirit   .   e - +0 chain mail
rPois   .          Reflect  .   (no helmet)
rElec   .          Harm     .   (no cloak)
rCorr   .          Rampage  .   (no gloves)
Will    .....                   (no boots)
Stlth   ..........              (no amulet)
HPRegen 0.09/turn               (no ring)
MPRegen 0.08/turn               (no ring)

@: no status effects
A: claws 1, powered by death 1
a: no special abilities


You were on level 1 of the Dungeon.
You visited 1 branch of the dungeon, and saw 1 of its levels.

You collected 68 gold pieces.

Inventory:

Hand Weapons
 a - a +0 long sword (weapon)
Missiles
 f - 14 stones (quivered)
 h - 2 boomerangs
Armour
 b - a +0 scale mail
 c - a +0 buckler (worn)
 e - a +0 chain mail (worn)
Scrolls
 g - a scroll of fear {unknown}
Potions
 d - a potion of might


   Skills:
 + Level 3.2 Fighting
 * Level 2.3 Long Blades
 * Level 1.1 Throwing
 - Level 2.6 Armour
 + Level 0.7 Dodging
 - Level 2.6 Shields


You had 2 spell levels left.
You didn't know any spells.
Your spell library contained the following spells:

 Spells                   Type           Power      Damage    Failure   Level
 Dazzling Flash           Conj/Hex       0%         N/A       100%        3
 Frozen Ramparts          Ice            0%         1d1       100%        3
 Gell's Gravitas          Tloc           0%         N/A       100%        3
 Teleport Other           Tloc           0%         N/A       100%        3
 Ice Form                 Ice/Tmut       0%         N/A       100%        4
 Summon Ice Beast         Ice/Summ       0%         N/A       100%        4
 Agony                    Necr           0%         N/A       100%        5
 Silence                  Hex/Air        0%         N/A       100%        5
 Dispersal                Tloc           0%         N/A       100%        6


Dungeon Overview and Level Annotations

Branches:
Dungeon (1/15)

Altars:


Innate Abilities, Weirdness & Mutations

You have sharp fingernails.
You regenerate a little health from kills.


Message History

You kill the goblin!
No target in view!
No target in view!
No target in view!
You now have 55 gold pieces (gained 6).
You now have 68 gold pieces (gained 13).
You see here a +0 mace.
There is a dry fountain here.
A frilled lizard comes into view.
The frilled lizard hisses angrily.
You see here a book of the Senses.
You barely miss the frilled lizard. The frilled lizard bites you.
You hit the frilled lizard.
You kill the frilled lizard!
No target in view!
No target in view!
You pick up a book of the Senses and begin reading...
You add the spells Dazzling Flash, Agony and Silence to your library.
You see here a frilled lizard corpse.
There is a fountain of clear blue water here.
There is a fountain of clear blue water here.
There is a dry fountain here.
There is a dry fountain here.
A goblin comes into view. It is wielding a +0 club.
The goblin moves out of view.
Found an escape hatch in the floor.
A frilled lizard comes into view.
The frilled lizard hisses angrily.
You block the goblin's attack.
You hit the goblin.
The goblin is almost dead.
You block the goblin's attack.
You hit the goblin.
You kill the goblin!
You have reached level 3!
Your experience leads to an increase in your attributes!
Increase (S)trength, (I)ntelligence, or (D)exterity?
You feel agile. x2; Your demonic ancestry asserts itself...
Your fingernails lengthen.
Are you sure you want to abandon this character and quit the game? (Confirm with "yes".)

#..).# #...## ###...#
....#.# ###.#.####
.........# ###......##
..#.......#########
..#.............@)#
..#......########.l.....
..#.......## ##..>..
...........## ....
..#......#..# ...
#.############ ..
.............### .
####.####.##...##
.##...##^..###..#


You could see a frilled lizard.

Vanquished Creatures
  2 dart slugs (D:1)
  4 bats (D:1)
  An endoplasm (D:1)
  2 giant cockroaches (D:1)
  4 goblins (D:1)
  2 hobgoblins (D:1)
  2 ball pythons (D:1)
  A frilled lizard (D:1)
  3 kobolds (D:1)
  A rat (D:1)
22 creatures vanquished.

Notes
Turn   | Place    | Note
-------+----------+-------------------------------------------
     0 | D:1      | LustLizard the Demonspawn Fighter began the quest for the
                  | Orb.
     0 | D:1      | Reached XP level 1. HP: 18/18 MP: 1/1
   156 | D:1      | Found a faded altar of an unknown god.
   195 | D:1      | Gained mutation: You regenerate a little health from kills.
                  | [demonic ancestry]
   195 | D:1      | Reached XP level 2. HP: 24/24 MP: 2/2
   219 | D:1      | Reached skill level 1 in Throwing
   518 | D:1      | Gained mutation: You have sharp fingernails. [demonic
                  | ancestry]
   518 | D:1      | Reached XP level 3. HP: 29/29 MP: 3/3
   518 | D:1      | Quit the game

Illustrated notes

Levels and vault maps discovered:
D:1:      dpeg_arrival_chambers_temple_mockup, layout_rooms,
          basic_ecumenical_altar, skrybe_limestone_x

Skill      XL: |  1  2 |
---------------+-------+-----
Long Blades    | 2 |  2.3
Throwing       | 1 |  1.1
Fighting       | |  3.2
Armour         | |  2.6
Dodging        | |  0.7
Shields        | |  2.6

Action                   || total
-------------------------++-------
Melee: Long sword        ||    67
Armor: Chain mail        ||    48
Dodge: Dodged            ||    20
Block: Buckler           ||    17
